 Dungeon Crawl Stone Soup version 0.23-a0-473-gc8aadda (webtiles) character file.

2548 XanderDroid the Martial Artist (level 9, -14/68 HPs)
             Began as a Gnoll Wanderer on Nov 27, 2018.
             Was a Follower of Ashenzari.
             Demolished by a two-headed ogre
             ... wielding a +0 giant spiked club
              (20 damage)
             ... on level 7 of the Dungeon.
             The game lasted 00:36:09 (8914 turns).

XanderDroid the Martial Artist (Gnoll Wanderer)     Turns: 8914, Time: 00:36:09

Health: -14/68     AC: 11    Str: 14    XL:     9   Next: 56%
Magic:  14/18      EV: 14    Int: 16    God:    Ashenzari [*.....]
Gold:   340        SH:  0    Dex: 17    Spells: 15/20 levels left

rFire    + . .     SeeInvis .   a - +3 long sword (holy)
rCold    + . .     Gourm    .   (no shield)
rNeg     . . .     Faith    .   r - +0 ring mail {rF+}
rPois    .         Spirit   .   g - +0 helmet
rElec    .         Reflect  .   s - +0 cloak
rCorr    .         Harm     .   e - +0 pair of gloves
MR       .....                  t - +0 pair of boots (curse)
Stlth    +++.......             (no amulet)
HPRegen  1.21/turn              D - ring of wizardry
MPRegen  0.16/turn              v - ring of protection from cold

@: confusing touch, regenerating (expiring)
A: distributed training, fangs 1, strong nose
a: Curse Item, Scrying, Renounce Religion


You were on level 7 of the Dungeon.
You worshipped Ashenzari.
Ashenzari was aware of your devotion.
You were not hungry.

You visited 2 branches of the dungeon, and saw 8 of its levels.
You also visited: Ossuary.

You collected 340 gold pieces.

Inventory:

Hand Weapons
 a - a +3 long sword of holy wrath (weapon)
Armour
 e - a +0 pair of gloves (worn)
 g - a +0 helmet (worn)
 r - a +0 ring mail of fire resistance (worn)
 s - a +0 cloak (worn)
 t - a cursed +0 pair of boots (worn)
Jewellery
 v - a ring of protection from cold (right hand)
 D - a ring of wizardry (left hand)
Wands
 B - a wand of flame (12)
Scrolls
 c - a scroll of enchant weapon
 d - a scroll of enchant armour {unknown}
 j - 2 scrolls of fog
 k - 2 scrolls of blinking
 n - 4 scrolls of teleportation
 p - a scroll of noise {unknown}
 q - 2 scrolls of fear
 w - a scroll of immolation {unknown}
 y - a scroll of amnesia
 z - 2 scrolls of identify
 C - a scroll of remove curse
Potions
 b - a potion of agility
 h - 2 potions of curing
 l - 3 potions of haste
 m - a potion of flight
 o - 2 potions of invisibility
 u - a potion of heal wounds
 x - 2 potions of magic
 A - a potion of mutation
Comestibles
 f - 14 rations
 i - 9 chunks of flesh


   Skills:
 + Level 5.4 Fighting
 + Level 5.4 Short Blades
 + Level 5.4 Long Blades
 + Level 5.4 Axes
 + Level 5.4 Maces & Flails
 + Level 5.4 Polearms
 + Level 5.4 Staves
 + Level 5.4 Slings
 + Level 5.4 Bows
 + Level 5.4 Crossbows
 + Level 6.0 Throwing
 + Level 5.4 Armour
 + Level 5.4 Dodging
 + Level 5.4 Stealth
 + Level 5.4 Shields
 + Level 11.5 Unarmed Combat
 + Level 6.1 Spellcasting
 + Level 4.4 Conjurations
 + Level 4.4 Hexes
 + Level 4.4 Charms
 + Level 4.4 Summonings
 + Level 5.0 Necromancy
 + Level 4.4 Translocations
 + Level 4.4 Transmutations
 + Level 4.4 Fire Magic
 + Level 4.4 Ice Magic
 + Level 5.0 Air Magic
 + Level 4.4 Earth Magic
 + Level 4.4 Poison Magic
 + Level 5.9 Invocations
 + Level 6.0 Evocations


You had 15 spell levels left.
You knew the following spells:

 Your Spells              Type           Power        Failure   Level  Hunger
a - Animate Skeleton      Necr           N/A          1%          1    None
b - Regeneration          Chrm/Necr      ###.......   4%          3    ##.....
c - Confusing Touch       Hex            ###...       1%          1    None

Your spell library contained the following spells:

 Spells                   Type           Power        Failure   Level  Hunger
 Confuse                  Hex            ###.....     4%          3    ##.....
 Gell's Gravitas          Tloc           ###.......   4%          3    ##.....
 Petrify                  Tmut/Erth      ###.....     16%         4    ####...
 Metabolic Englaciation   Hex/Ice        ###.......   41%         5    ######.
 Yara's Violent Unravell  Hex/Tmut       ###.......   41%         5    ######.


Dungeon Overview and Level Annotations

Branches:
Dungeon (7/15)             Temple (1/1) D:5

Altars:
Ashenzari
Cheibriados
Elyvilon
Fedhas
Gozag
Hepliaklqana
Kikubaaqudgha
Makhleb
Nemelex Xobeh
Okawaru
Qazlal
Ru
Sif Muna
Trog
Uskayaw
Vehumet
Wu Jian
Xom
Yredelemnul
The Shining One

Annotations:
D:3 2 transporters, tilp's ghost, amateur MfIE
D:5 Dowan; Duvessa


Innate Abilities, Weirdness & Mutations

Your experience applies equally to all skills.
You have very sharp teeth.
Your uncanny sense of smell can sniff out nearby items.


Message History

Confirm with . or Enter, or press ? or * to list all spells.
Your skin crawls.
Your skin is crawling a little less now.
The two-headed ogre laughs crazily.
You catch the helpless two-headed ogre completely off-guard!
You hit the two-headed ogre.
You punch the two-headed ogre, but do no damage.
You bite the two-headed ogre, but do no damage.
The two-headed ogre is moderately wounded.
The two-headed ogre seems less confused.
The two-headed ogre hits you with a +0 giant spiked club!
The two-headed ogre hits you with a +0 dire flail!
* * * LOW HITPOINT WARNING * * *
Casting: Regeneration (safe; 4% risk of failure)
Confirm with . or Enter, or press ? or * to list all spells.
Your hands begin to glow red.
The two-headed ogre hits you with a +0 giant spiked club!
* * * LOW HITPOINT WARNING * * *
The two-headed ogre hits you with a +0 dire flail!!
You die...

.####..##.#####..# #..# #>#
.#.....##........# #...####..
.#.###.#######...## #.#...##..
.#.###.# ##.....## #...#.##..
.......# ##.......## #.........
##.#...####.........####......##.
#........'.........'............
#.#...####.........####......##.
#.##.## ##....@O.## ##.##.###.
#.#### ##.....## #.# ## #.#
##...## #.# #.# ##'## #.# #.# #.#
#.# #.# #.# #.# ##.## ##.## #.#
....# ##...###### #.# .#..#
#.........# #.#


You could see a two-headed ogre.

Vanquished Creatures
  A hungry ghost (D:7)
  Edmund (D:5)
  3 black bears
  3 ogres
  5 centaurs
  3 bullfrogs
  A scorpion (D:6)
  3 howler monkeys
  2 crimson imps
  A human zombie (Ossuary)
  2 hounds (D:4)
  2 orc priests (D:6)
  Terence (D:2)
  Natasha (thrice) (D:3 D:5)
  An iguana (D:6)
  2 orc wizards
  Ijyb (D:5)
  3 worker ants
  A big kobold zombie (Ossuary)
  2 hound skeletons
  7 adders
  6 gnolls
  4 shadow imps
  An adder zombie (D:7)
  2 adder skeletons
  2 worms
  A dart slug (D:1)
  6 leopard geckos
  18 orcs
  5 giant cockroaches
  7 goblins
  3 hobgoblins (D:1)
  9 jackals
  4 quokkas
  3 bats
  3 frilled lizards
  5 kobolds
  An orc zombie (Ossuary)
  8 rats
136 creatures vanquished.

Vanquished Creatures (others)
  An adder (D:4)
1 creature vanquished.

Grand Total: 137 creatures vanquished

Notes
Turn   | Place    | Note
-------+----------+-------------------------------------------
     0 | D:1      | Reached skill level 10 in Unarmed Combat
     0 | D:1      | XanderDroid the Gnoll Wanderer began the quest for the Orb.
     0 | D:1      | XanderDroid set off with the following items: a potion of
                  | haste, a scroll of fear, a +0 spear, a +0 robe, a ration;
                  | and the following spell memorised: Animate Skeleton; and
                  | the following spells available to memorise: Regeneration
     0 | D:1      | Reached XP level 1. HP: 13/13 MP: 4/4
   314 | D:1      | Reached XP level 2. HP: 18/19 MP: 5/5
  1037 | D:2      | Reached XP level 3. HP: 25/25 MP: 7/7
  1071 | D:2      | Learned a level 3 spell: Regeneration
  1529 | D:2      | Reached skill level 1 in Invocations
  1755 | D:2      | Reached skill level 1 in Fighting
  1755 | D:2      | Reached skill level 1 in Short Blades
  1755 | D:2      | Reached skill level 1 in Long Blades
  1755 | D:2      | Reached skill level 1 in Axes
  1755 | D:2      | Reached skill level 1 in Maces & Flails
  1755 | D:2      | Reached skill level 1 in Polearms
  1755 | D:2      | Reached skill level 1 in Staves
  1755 | D:2      | Reached skill level 1 in Slings
  1755 | D:2      | Reached skill level 1 in Bows
  1755 | D:2      | Reached skill level 1 in Crossbows
  1755 | D:2      | Reached skill level 1 in Armour
  1755 | D:2      | Reached skill level 1 in Dodging
  1755 | D:2      | Reached skill level 1 in Stealth
  1755 | D:2      | Reached skill level 1 in Shields
  1934 | D:2      | Reached XP level 4. HP: 31/32 MP: 8/8
  2395 | D:3      | Found a glowing golden altar of the Shining One.
  2428 | D:3      | Noticed Natasha
  2442 | D:3      | Noticed Terence
  2445 | D:3      | Killed Natasha
  2755 | D:2      | Killed Terence
  2755 | D:2      | Reached skill level 1 in Conjurations
  2755 | D:2      | Reached skill level 1 in Hexes
  2755 | D:2      | Reached skill level 1 in Charms
  2755 | D:2      | Reached skill level 1 in Summonings
  2755 | D:2      | Reached skill level 1 in Translocations
  2755 | D:2      | Reached skill level 1 in Transmutations
  2755 | D:2      | Reached skill level 1 in Fire Magic
  2755 | D:2      | Reached skill level 1 in Ice Magic
  2755 | D:2      | Reached skill level 1 in Earth Magic
  2755 | D:2      | Reached skill level 1 in Poison Magic
  2755 | D:2      | Reached XP level 5. HP: 25/37 MP: 9/9
  3051 | D:3      | Noticed tilp's ghost (amateur MfIE)
  3057 | D:3      | Found a transporter.
  3064 | D:3      | Noticed Natasha
  3075 | D:3      | Killed Natasha
  3620 | D:3      | Found a hazy altar of Hepliaklqana.
  3862 | D:3      | Found a transporter.
  4177 | D:4      | Reached XP level 6. HP: 37/44 MP: 11/11
  4286 | D:4      | Reached skill level 5 in Throwing
  4286 | D:4      | Reached skill level 11 in Unarmed Combat
  4286 | D:4      | Reached skill level 5 in Spellcasting
  4286 | D:4      | Reached skill level 5 in Invocations
  4286 | D:4      | Reached skill level 5 in Evocations
  4286 | D:4      | Reached XP level 7. HP: 55/55 MP: 15/15
  4447 | D:4      | Found a blossoming altar of Fedhas.
  4822 | D:5      | Entered Level 5 of the Dungeon
  4956 | D:5      | Found a sand-covered staircase.
  4991 | Ossuary  | Entered an ossuary
  5166 | D:5      | Reached XP level 8. HP: 24/61 MP: 16/16
  5444 | D:5      | Found a staircase to the Ecumenical Temple.
  5496 | Temple   | Entered the Ecumenical Temple
  5573 | D:5      | Found a sacrificial altar of Ru.
  5578 | D:5      | Noticed Edmund
  5919 | D:5      | Killed Edmund
  5919 | D:5      | Reached skill level 5 in Fighting
  5919 | D:5      | Reached skill level 5 in Short Blades
  5919 | D:5      | Reached skill level 5 in Long Blades
  5919 | D:5      | Reached skill level 5 in Axes
  5919 | D:5      | Reached skill level 5 in Maces & Flails
  5919 | D:5      | Reached skill level 5 in Polearms
  5919 | D:5      | Reached skill level 5 in Staves
  5919 | D:5      | Reached skill level 5 in Slings
  5919 | D:5      | Reached skill level 5 in Bows
  5919 | D:5      | Reached skill level 5 in Crossbows
  5919 | D:5      | Reached skill level 5 in Armour
  5919 | D:5      | Reached skill level 5 in Dodging
  5919 | D:5      | Reached skill level 5 in Stealth
  5919 | D:5      | Reached skill level 5 in Shields
  6186 | D:5      | Noticed Dowan
  6188 | D:5      | Noticed Ijyb
  6188 | D:5      | Noticed Duvessa
  6393 | D:5      | Killed Ijyb
  6477 | D:5      | Found a shattered altar of Ashenzari.
  6481 | D:5      | Became a worshipper of Ashenzari the Shackled
  6556 | D:6      | Found a bloodstained altar of Trog.
  6556 | D:6      | Noticed Natasha
  6572 | D:5      | Killed Natasha
  6808 | D:6      | Found a deep blue altar of Sif Muna.
  6809 | D:6      | Found an iron altar of Okawaru.
  6811 | D:6      | Found an ancient bone altar of Kikubaaqudgha.
  6813 | D:6      | Found an opulent altar of Gozag.
  6814 | D:6      | Found a shimmering altar of Xom.
  7001 | D:6      | Learned a level 1 spell: Confusing Touch
  7430 | D:6      | Reached XP level 9. HP: 44/68 MP: 16/18
  8235 | D:7      | Found an ornate altar of the Wu Jian Council.
  8387 | D:7      | Reached skill level 5 in Necromancy
  8387 | D:7      | Reached skill level 5 in Air Magic
  8740 | D:7      | Reached * piety under Ashenzari
  8886 | D:7      | Noticed a two-headed ogre
  8914 | D:7      | Demolished by a two-headed ogre

Vault maps used:
D:1:      erik_arrival_cave_to_civilisation, roderic_lattice_a, feat_on_display
D:3:      overflow_temple_1_default, gammafunk_ghost_stat_death, tso_metal_star,
          uniq_terence, uniq_natasha
D:4:      fedhas_altar_2, first_ration, lemuel_old_faithful
D:5:      marbit_many_paths, nicolae_overflow_crystal_walls, temple_doors_e,
          nicolae_ossuary_entry_monument, uniq_edmund, uniq_duvessa, uniq_ijyb
D:6:      grunt_temple_overflow_open, trog_ov_bears_minmay,
          minmay_chambers_of_fives
D:7:      kennysheep_mini
Temple:   jpeg_temple_island
Ossuary:  ossuary_minmay_tomb_2a

Skill      XL: |  1  2  3  4  5  6  7  8  9 |
---------------+----------------------------+-----
Unarmed Combat | 11 | 11.5
Necromancy     | 2 4 5 |  5.0
Air Magic      | 2 4 5 |  5.0
Invocations    | 1 2 5 |  5.9
Fighting       | 1 4 5 |  5.4
Short Blades   | 1 4 5 |  5.4
Long Blades    | 1 4 5 |  5.4
Axes           | 1 4 5 |  5.4
Maces & Flails | 1 4 5 |  5.4
Polearms       | 1 4 5 |  5.4
Staves         | 1 4 5 |  5.4
Slings         | 1 4 5 |  5.4
Bows           | 1 4 5 |  5.4
Crossbows      | 1 4 5 |  5.4
Armour         | 1 4 5 |  5.4
Dodging        | 1 4 5 |  5.4
Stealth        | 1 4 5 |  5.4
Shields        | 1 4 5 |  5.4
Spellcasting   | 3 5 6 |  6.1
Conjurations   | 1 3 4 |  4.4
Hexes          | 1 3 4 |  4.4
Charms         | 1 3 4 |  4.4
Summonings     | 1 3 4 |  4.4
Translocations | 1 3 4 |  4.4
Transmutations | 1 3 4 |  4.4
Fire Magic     | 1 3 4 |  4.4
Ice Magic      | 1 3 4 |  4.4
Earth Magic    | 1 3 4 |  4.4
Poison Magic   | 1 3 4 |  4.4
Throwing       | 3 5 6 |  6.0
Evocations     | 3 5 6 |  6.0

Action                   |  1- 3 |  4- 6 |  7- 9 || total
-------------------------+-------+-------+-------++-------
Melee: Spear             |    53 |       |       ||    53
       Bite              |    11 |     9 |    63 ||    83
       Punch             |     6 |       |    30 ||    36
       Dagger            |    41 |   133 |   124 ||   298
       Long sword        |       |       |   239 ||   239
 Cast: Animate Skeleton  |     1 |       |     1 ||     2
       Confusing Touch   |       |       |    12 ||    12
       Regeneration      |       |       |     1 ||     1
  Use: Scroll            |       |     9 |     6 ||    15
       Potion            |       |     1 |       ||     1
 Stab: Sleeping          |     4 |     1 |     4 ||     9
       Confused          |       |       |    10 ||    10
  Eat: Chunk             |     3 |     8 |    12 ||    23
       Ration            |       |       |     1 ||     1
Armor: Robe              |    17 |       |       ||    17
       Leather armour    |     7 |    30 |   107 ||   144
       Ring mail         |       |       |    33 ||    33
Dodge: Dodged            |    42 |    71 |   336 ||   449
       Rpst.: Long sword |       |       |    50 ||    50

Table legend:
 A = Non-vault XP
 B = Vault XP
 C = Vault XP percentage of total XP
 D = Non-vault monster count
 E = Vault monster count
 F = Vault count percentage of total count
                 A         B        C        D         E       F
            +---------+---------+-------+---------+---------+-------
      Total |    2571 |     721 |  21.9 |     119 |      17 |  12.5
            +---------+---------+-------+---------+---------+-------
        D:1 |      23 |       6 |  20.7 |      15 |       2 |  11.8
        D:2 |      61 |      38 |  38.4 |      14 |       1 |   6.7
        D:3 |     128 |      37 |  22.4 |      18 |       1 |   5.3
        D:4 |     270 |       0 |   0.0 |      11 |       0 |   0.0
        D:5 |     439 |     450 |  50.6 |      15 |       5 |  25.0
        D:6 |     941 |     120 |  11.3 |      32 |       5 |  13.5
        D:7 |     709 |       0 |   0.0 |      14 |       0 |   0.0
    Ossuary |       0 |      70 | 100.0 |       0 |       3 | 100.0
            +---------+---------+-------+---------+---------+-------
